 Dungeon Crawl Stone Soup version 0.22-a0-553-g9358b0b (webtiles) character file.

4074 nikopol the Thaumaturge (level 10, -8/52 HPs)
             Began as a Deep Elf Fire Elementalist on June 24, 2018.
             Was a Priest of Vehumet.
             Mangled by a slime creature (17 damage)
             ... on level 8 of the Dungeon on June 25, 2018.
             The game lasted 00:43:36 (10866 turns).

nikopol the Thaumaturge (DEFE)                     Turns: 10866, Time: 00:43:37

Health: -8/52      AC:  7    Str:  5    XL:     10   Next: 5%
Magic:  11/27      EV: 17    Int: 24    God:    Vehumet [***...]
Gold:   513        SH:  0    Dex: 15    Spells: 16/31 levels left

rFire    . . .     SeeInvis .   m - +0 dagger (freeze)
rCold    . . .     Gourm    .   (no shield)
rNeg     . . .     Faith    .   I - +2 robe {MR+}
rPois    .         Spirit   .   H - +0 helmet
rElec    .         Reflect  .   (no cloak)
rCorr    .         Harm     .   (no gloves)
MR       ++...                  g - +1 pair of boots
Stlth    +++.......             (no amulet)
HPRegen  0.17/turn              G - +3 ring of evasion
MPRegen  0.20/turn              (no ring)

@: no status effects
A: no striking features
a: Renounce Religion


You were on level 8 of the Dungeon.
You worshipped Vehumet.
Vehumet was most pleased with you.
You were not hungry.

You visited 2 branches of the dungeon, and saw 9 of its levels.
You also visited: Sewer and Bailey.

You collected 513 gold pieces.

Inventory:

Hand Weapons
 m - a +0 dagger of freezing (weapon)
Armour
 g - a +1 pair of boots (worn)
 H - a +0 helmet (worn)
 I - a +2 robe of magic resistance (worn)
Jewellery
 G - a +3 ring of evasion (left hand)
Wands
 h - a wand of paralysis (11)
 z - a wand of digging (17)
Scrolls
 a - 2 scrolls of magic mapping
 b - 6 scrolls of remove curse
 d - 7 scrolls of teleportation
 f - 15 scrolls of identify
 j - 3 scrolls of fear
 t - a scroll of enchant weapon {unknown}
 v - 2 scrolls of immolation {unknown}
 x - 3 scrolls of amnesia {unknown}
 y - 2 scrolls of blinking
 B - a scroll of noise {unknown}
 E - a scroll of acquirement {unknown}
 F - 2 scrolls of enchant armour {unknown}
Potions
 e - 2 potions of flight
 i - 6 potions of lignification {unknown}
 k - 3 potions of haste {unknown}
 l - 2 potions of ambrosia {unknown}
 n - 5 potions of curing {unknown}
 o - 3 potions of might {unknown}
 p - 2 potions of invisibility {unknown}
 q - 3 potions of degeneration {unknown}
 r - 4 potions of magic {unknown}
 s - 6 potions of heal wounds {unknown}
 w - a potion of brilliance {unknown}
 A - a potion of agility {unknown}
 D - 3 potions of mutation {unknown}
Comestibles
 c - 12 rations
 u - 2 chunks of flesh


   Skills:
 + Level 1.5 Fighting
 + Level 4.5 Dodging
 + Level 4.8 Stealth
 + Level 11.0 Spellcasting
 + Level 8.0 Conjurations
 + Level 9.4 Fire Magic


You had 16 spell levels left.
You knew the following spells:

 Your Spells              Type           Power        Failure   Level  Hunger
a - Flame Tongue          Conj/Fire      #####        1%          1    None
b - Throw Flame           Conj/Fire      ######       1%          2    None
c - Conjure Flame         Conj/Fire      ######..     1%          3    None
d - Sticky Flame          Conj/Fire      ######..     1%          4    None
e - Fireball              Conj/Fire      ######....   1%          5    ####...

Your spell library contained the following spells:

 Spells                   Type           Power        Failure   Level  Hunger
 Magic Dart               Conj           ####         1%          1    None
 Slow                     Hex            ##......     7%          2    None
 Mephitic Cloud           Conj/Pois/Air  ####....     1%          3    None
 Blink                    Tloc           N/A          7%          2    None
 Call Imp                 Summ           ##......     7%          2    None
 Regeneration             Chrm/Necr      ##........   14%         3    None
 Shroud of Golubria       Chrm/Tloc      ##........   7%          2    None
 Inner Flame              Hex/Fire       #####...     1%          3    None
 Infusion                 Chrm           ##..         4%          1    None
 Song of Slaying          Chrm           ##......     7%          2    None
 Spectral Weapon          Hex/Chrm       ##......     14%         3    None


Dungeon Overview and Level Annotations

Branches:
Dungeon (8/15)             Temple (1/1) D:4
   Lair: D:8-11

Altars:
Ashenzari
Cheibriados
Dithmenos
Elyvilon
Fedhas
Gozag
Hepliaklqana
Kikubaaqudgha
Makhleb
Nemelex Xobeh
Okawaru
Qazlal
Ru
Sif Muna
Trog
Uskayaw
Vehumet
Wu Jian
Xom
Yredelemnul
Zin
The Shining One
Jiyva

Annotations:
D:8 George's ghost, novice DsGl


Message History

Vehumet accepts your kill.
Your Spellcasting skill increases to level 11!
Your Conjurations skill increases to level 8!
You feel a bit more experienced.
The slime creature burns!
The slime creature burns!
The slime creature stops burning.
George's ghost holds its blade at the ready.
The jelly jiggles.
The slime creature jiggles.
There is an open door here.
The slime creature jiggles.
Casting: Flame Tongue (safe; 1% risk of failure)
Confirm with . or Enter, or press ? or * to list all spells.
Aiming: Sticky Flame (safe; 1% risk of failure)
Press: ? - help, Shift-Dir - straight line, f - slime creature, p - George's ghost
Aim: a slime creature (heavily wounded)
The sticky flame hits the slime creature.
The slime creature is severely wounded.
The slime creature is covered in liquid flames!
The slime creature burns!
The slime creature hits you!
You die...

##################.....######....
#................#.....'...##....
#................#.....#.########
#................#.....###J..##..
#'#######..##....#.....##.....#..
#....####.(###'####'#..#$.....'..
#..........'........#..#_J...J'..
#..........#.<......#..#$J....'..
#..........#.(..@J..W..##.....#.J
########...###'######J..##...##.W
.......#...#.............########
.......#...#....(.(...........J..
.......#...#....).(..............
.......#...#.....................
.......#####.....................
#####........##########'####.....
#.>....).#.............+.....


You could see a slime creature (burning), a jelly and George's ghost.

Vanquished Creatures
  Erica (D:8)
  Joseph (D:7)
  2 slime creatures (D:8)
  Prince Ribbit (D:7)
  A hippogriff (D:7)
  Sigmund (D:3)
  Menkaure (D:7)
  A water moccasin (D:5)
  An orc warrior (Bailey)
  3 ice beasts (D:5)
  2 sky beasts
  A centaur (D:6)
  A big kobold (D:8)
  A bullfrog (D:7)
  A wyvern skeleton (D:6)
  6 electric eels (D:8)
  2 howler monkeys (D:8)
  2 bullfrog zombies (D:8)
  A jelly (D:8)
  2 bullfrog skeletons (D:8)
  2 orc priests
  5 orc wizards
  2 worker ants
  A hound zombie (D:6)
  A hound skeleton (D:7)
  A worker ant zombie (D:5)
  18 gnolls
  A howler monkey skeleton (D:6)
  11 adders
  4 oozes
  5 worms
  3 dart slugs
  6 leopard geckos
  20 orcs
  8 bats
  5 bat skeletons (D:5)
  A bat zombie (D:5)
  4 giant cockroaches
  10 goblins
  16 hobgoblins
  17 jackals
  A quokka (D:7)
  6 ball pythons
  9 frilled lizards
  20 kobolds
  6 rats
215 creatures vanquished.

Notes
Turn   | Place    | Note
-------+----------+-------------------------------------------
     0 | D:1      | nikopol the Deep Elf Fire Elementalist began the quest for the Orb.
     0 | D:1      | Reached XP level 1. HP: 10/10 MP: 6/6
   112 | D:1      | Reached XP level 2. HP: 15/15 MP: 1/8
   817 | D:2      | Reached XP level 3. HP: 19/19 MP: 5/10
  1414 | D:2      | Reached skill level 4 in Spellcasting
  1500 | D:2      | Reached XP level 4. HP: 23/24 MP: 4/12
  1875 | D:3      | Found a glowing drain.
  1893 | Sewer    | Entered a sewer
  1944 | Sewer    | Learned a level 2 spell: Throw Flame
  1948 | Sewer    | Learned a level 3 spell: Conjure Flame
  1953 | Sewer    | Learned a level 4 spell: Sticky Flame
  3375 | D:3      | Reached XP level 5. HP: 28/28 MP: 9/14
  3376 | D:3      | Noticed Sigmund
  3392 | D:3      | Reached skill level 5 in Spellcasting
  3661 | D:3      | Reached skill level 5 in Fire Magic
  3676 | D:3      | Killed Sigmund
  3676 | D:3      | Reached XP level 6. HP: 32/32 MP: 0/16
  4059 | D:4      | Reached skill level 6 in Spellcasting
  4191 | D:4      | Found a staircase to the Ecumenical Temple.
  4200 | Temple   | Entered the Ecumenical Temple
  4298 | Temple   | Became a worshipper of Vehumet
  5185 | D:5      | Entered Level 5 of the Dungeon
  5189 | D:5      | Noticed an ice beast
  5193 | D:5      | Killed an ice beast
  5193 | D:5      | Reached XP level 7. HP: 36/36 MP: 11/18
  5240 | D:5      | Learned a level 5 spell: Fireball
  5582 | D:5      | Upgraded the game from 0.22-a0-542-gce4f928 to 0.22-a0-553-g9358b0b
  5592 | D:5      | Found an ancient bone altar of Kikubaaqudgha.
  5815 | D:5      | Reached skill level 7 in Spellcasting
  6674 | D:6      | Found a glowing golden altar of the Shining One.
  6690 | D:6      | Reached XP level 8. HP: 42/42 MP: 13/21
  6961 | D:6      | Found a hazy altar of Hepliaklqana.
  7338 | D:7      | Reached skill level 8 in Spellcasting
  7345 | D:7      | Found a flagged portal.
  7349 | D:7      | Noticed Menkaure
  7352 | D:7      | Killed Menkaure
  7352 | D:7      | Reached skill level 5 in Conjurations
  7438 | Bailey   | Entered a bailey
  7716 | Bailey   | Reached * piety under Vehumet
  7716 | Bailey   | Offered knowledge of Shock by Vehumet.
  8314 | D:7      | Noticed Prince Ribbit
  8318 | D:7      | Killed Prince Ribbit
  8318 | D:7      | Reached skill level 9 in Spellcasting
  8328 | D:7      | Found a stormy altar of Qazlal.
  8484 | D:7      | Noticed Joseph
  8645 | D:7      | Reached ** piety under Vehumet
  8645 | D:7      | Offered knowledge of Sting by Vehumet.
  8826 | D:7      | Killed Joseph
  8826 | D:7      | Reached XP level 9. HP: 20/46 MP: 8/24
  9174 | D:7      | Reached skill level 10 in Spellcasting
  9480 | D:8      | Found a burning altar of Makhleb.
  9708 | D:8      | Noticed Erica
  9715 | D:8      | Killed Erica
  9715 | D:8      | Reached skill level 1 in Fighting
 10196 | D:8      | Offered knowledge of Ignite Poison by Vehumet.
 10421 | D:8      | Reached *** piety under Vehumet
 10535 | D:8      | Found a runed gate.
 10535 | D:8      | Found a runed gate.
 10535 | D:8      | Found a runed gate.
 10536 | D:8      | Noticed George's ghost (novice DsGl)
 10831 | D:8      | Found a viscous altar of Jiyva.
 10841 | D:8      | Reached XP level 10. HP: 34/52 MP: 18/26
 10849 | D:8      | Reached skill level 11 in Spellcasting
 10866 | D:8      | Mangled by a slime creature

Vault maps used:
D:1:      nagdon_arrival_zigzag_paths, minmay_surrounded
D:2:      first_ration
D:3:      cheibrodos_sewer_entry_sluice, minivault_27,
          kennysheep_generic_room_2, uniq_sigmund
D:4:      minmay_temple_entry_statues_fountains
D:5:      kennysheep_vampire_church, minmay_misc_feat_ornament,
          dk_rats_in_the_wall
D:6:      lemuel_round_altar, old_standard_altar, interstate_on_off
D:7:      lemuel_doored_altar, lightli_bailey_entry_fortress, uniq_joseph,
          uniq_menkaure, uniq_prince_ribbit1
D:8:      kennysheep_mini_moat, gammafunk_ghost_ooze, kennysheep_boxes,
          uniq_erica
Temple:   minmay_temple_bridge_d
Sewer:    sewer_fruit_machine
Bailey:   bailey_axe_2, bailey

Skill      XL: |  1  2  3  4  5  6  7  8  9 10 |
---------------+-------------------------------+-----
Fire Magic     | 4 5 6 7 9 |  9.4
Spellcasting   | 4 5 6 7 9 10 11 | 11.0
Conjurations   | 2 3 4 6 7 8 |  8.0
Stealth        | 3 4 |  4.8
Dodging        | 3 4 |  4.5
Fighting       | 1 |  1.5

Action                   |  1- 3 |  4- 6 |  7- 9 | 10-12 || total
-------------------------+-------+-------+-------+-------++-------
Melee: Dagger            |       |     2 |    82 |       ||    84
 Cast: Flame Tongue      |    69 |    96 |   167 |     4 ||   336
       Throw Flame       |       |    10 |    26 |       ||    36
       Sticky Flame      |       |     3 |    16 |     2 ||    21
       Conjure Flame     |       |     2 |    10 |       ||    12
       Fireball          |       |       |    26 |       ||    26
  Use: Scroll            |       |     4 |     4 |       ||     8
       Potion            |       |     1 |       |       ||     1
  Eat: Chunk             |     1 |     9 |    17 |       ||    27
       Ration            |       |     1 |     2 |       ||     3
Armor: Robe              |     5 |     7 |    22 |       ||    34
Dodge: Dodged            |     9 |    32 |   119 |       ||   160

Table legend:
 A = Spawn XP
 B = Non-spawn XP
 C = Spawn XP percentage of total XP
 D = Spawn monster count
 E = Non-spawn monster count
 F = Spawn count percentage of total count
 G = Total turns spent on level
                    A         B        C        D         E        F      G
               +---------+---------+-------+---------+---------+-------+---------
         Total |       0 |    5820 |   0.0 |       0 |     215 |   0.0 | 10866
               +---------+---------+-------+---------+---------+-------+---------
           D:1 |       0 |      28 |   0.0 |       0 |      18 |   0.0 |   654
           D:2 |       0 |      79 |   0.0 |       0 |      22 |   0.0 |  1348
           D:3 |       0 |     340 |   0.0 |       0 |      19 |   0.0 |  1193
           D:4 |       0 |     101 |   0.0 |       0 |      10 |   0.0 |  1152
           D:5 |       0 |     786 |   0.0 |       0 |      21 |   0.0 |  1436
           D:6 |       0 |     220 |   0.0 |       0 |       4 |   0.0 |   669
           D:7 |       0 |    1358 |   0.0 |       0 |      27 |   0.0 |  1029
           D:8 |       0 |    2495 |   0.0 |       0 |      35 |   0.0 |  1651
         Sewer |       0 |      63 |   0.0 |       0 |      25 |   0.0 |   698
        Bailey |       0 |     350 |   0.0 |       0 |      34 |   0.0 |   864
               +---------+---------+-------+---------+---------+-------+---------
